 Dungeon Crawl Stone Soup version 0.28.0-53-g5a82cb258f (webtiles) character file.

Game seed: 1605468741357172786

105 Dadi the Cudgeller (level 4, -4/28 HPs)
             Began as a Gargoyle Fighter on July 12, 2022.
             Killed by divine providence
             ... invoked by an orc priest
              (14 damage)
             ... on level 4 of the Dungeon.
             The game lasted 00:02:37 (2330 turns).

Dadi the Cudgeller (Gargoyle Fighter)               Turns: 2330, Time: 00:02:37

Health: -4/28      AC: 11    Str: 21    XL:     4   Next: 83%
Magic:  4/4        EV:  9    Int:  9    God:
Gold:   127        SH:  4    Dex:  9    Spells: 3/3 levels left

rFire   . . .      SeeInvis .   a - +1 flail
rCold   . . .      Faith    .   c - +0 buckler
rNeg    + . .      Spirit   .   b - +1 scale mail
rPois   ∞          Reflect  .   (no helmet)
rElec   +          Harm     .   (no cloak)
rCorr   .          Rampage  .   (no gloves)
Will    .....                   (no boots)
Stlth   ..........              (no amulet)
HPRegen 0.09/turn               (no ring)
MPRegen 0.09/turn               (no ring)

@: no status effects
A: sickness immunity, AC +3, negative energy resistance 1, electricity
resistance, torment resistance 1, petrification resistance
a: no special abilities


You were on level 4 of the Dungeon.
You visited 1 branch of the dungeon, and saw 4 of its levels.

You collected 127 gold pieces.

Inventory:

Hand Weapons
 a - a +1 flail (weapon)
Armour
 b - a +1 scale mail (worn)
 c - a +0 buckler (worn)
Jewellery
 g - an amulet of guardian spirit
Potions
 d - 5 potions of might
 e - 2 potions of curing {unknown}
 l - a potion of lignification {unknown}
 o - a potion of heal wounds {unknown}


   Skills:
 - Level 3.2 Fighting
 + Level 4.8 Maces & Flails
 - Level 3.2 Armour
 - Level 3.2 Shields


You had 3 spell levels left.
You didn't know any spells.
Your spell library contained the following spells:

 Spells                   Type           Power      Damage    Failure   Level
 Slow                     Hex            0%         N/A       82%         1


Dungeon Overview and Level Annotations

Branches:
Dungeon (4/15)
 Temple: D:4-7

Altars:
Dithmenos
Elyvilon
Qazlal


Innate Abilities, Weirdness & Mutations

You are immune to sickness and miasma.
Your stone body is resilient. (AC +3)
You are immune to poison.
You resist negative energy. (rN+)
You are resistant to electric shocks. (rElec)
You are resistant to unholy torment.
You are immune to petrification.


Message History

The kobold hits you but does no damage.
You closely miss the kobold. The kobold closely misses you.
You closely miss the kobold. The kobold closely misses you.
You miss the kobold. You block the kobold's attack.
An orc priest comes into view. It is wielding a +0 dagger.
You hit the kobold.
You kill the kobold!
You hit the orc priest but do no damage.
Your adder skeleton dissolves into shadows!
Your goblin dissolves into shadows!
The orc priest hits you but does no damage.
You barely miss the orc priest.
You hear the slow rusting of a very distant drain.
You hear the slow hiss of a very distant avalanche of sand.
The orc priest hits you with a +0 dagger.
You closely miss the orc priest.
The orc priest hits you but does no damage.
An orc wizard comes into view. It is wielding a +0 dagger.
You completely miss the orc priest. The orc priest barely misses you.
You barely miss the orc priest.
The orc priest hits you but does no damage.
The orc priest hits you with a +0 dagger.
You hit the orc priest but do no damage.
The orc priest closely misses you.
You closely miss the orc priest.
The orc priest hits you but does no damage.
You barely miss the orc priest.
The orc priest hits you with a +0 dagger.
You closely miss the orc priest.
You feel your willpower return.
The orc priest hits you but does no damage.
The orc priest hits you with a +0 dagger.
You hit the orc priest but do no damage.
You block the orc priest's attack.
You sock the orc priest!
The orc priest is severely wounded.
The orc priest mumbles some strange prayers to Beogh against you.
Beogh smites you!
Ouch! That really hurt!
You die...

#.#
#.##.##.#
#.# #
##.## #
#...# #
##.## #
#.##.##.#
≈
#.......#
≈≈≈
####.####
≈≈≈..###.#
≈≈≈≈.oo@.#
####..##.#
..$. #.#
#### #.#
..# #.#
#.# #.#
#.#


You could see an orc priest and an orc wizard.

Vanquished Creatures
  A gnoll (D:1)
  3 adders
  A white imp (D:3)
  A dart slug (D:1)
  7 ball pythons
  6 bats
  6 endoplasms
  A giant cockroach (D:2)
  2 goblins (D:2)
  4 hobgoblins
  4 jackals (D:3)
  A quokka (D:1)
  A frilled lizard (D:3)
  9 kobolds
  6 rats
53 creatures vanquished.

Vanquished Creatures (collateral kills)
  An orc (D:4)
  3 jackals (D:4)
4 creatures vanquished.

Vanquished Creatures (others)
  11 plants
11 creatures vanquished.

Grand Total: 68 creatures vanquished

Notes
Turn   | Place    | Note
-------+----------+-------------------------------------------
     0 | D:1      | Dadi the Gargoyle Fighter began the quest for the Orb.
     0 | D:1      | Reached XP level 1. HP: 14/14 MP: 1/1
   163 | D:1      | Reached skill level 3 in Maces & Flails
   163 | D:1      | Reached XP level 2. HP: 9/19 MP: 2/2
   596 | D:1      | Found a faded altar of an unknown god.
   606 | D:1      | Got Plato's Almanac of Execration
   618 | D:1      | Reached XP level 3. HP: 23/23 MP: 3/3
  1206 | D:2      | Reached skill level 4 in Maces & Flails
  1361 | D:2      | Reached XP level 4. HP: 18/28 MP: 4/4
  1830 | D:3      | Found a white marble altar of Elyvilon.
  1834 | D:3      | Found a shadowy altar of Dithmenos.
  1846 | D:3      | Found a stormy altar of Qazlal.
  2330 | D:4      | Killed from afar by an orc priest

Illustrated notes

Levels and vault maps discovered:
D:1:      minmay_arrival_plants_in_alcoves, layout_basic,
          shapermc_ecumenical_altar_rom_forum
D:2:      layout_basic
D:3:      layout_basic, grunt_temple_overflow_open, serial_bayou_lagoon_b
D:4:      layout_loops_ring, minmay_temple_entry_slanted, enter_ossuary_2,
          gup_sewer_entry_glass, small_statue_intersection,
          grunt_decor_junction, st_stairs_8, uniq_duvessa

Skill      XL: |  1  2  3 |
---------------+----------+-----
Maces & Flails | 3 4 |  4.8
Fighting       | |  3.2
Armour         | |  3.2
Shields        | |  3.2

Action                   |  1- 3 |  4- 6 || total
-------------------------+-------+-------++-------
Melee: Flail             |   100 |   109 ||   209
  Use: Scroll            |       |     7 ||     7
Armor: Scale mail        |    66 |    65 ||   131
Dodge: Dodged            |    54 |    62 ||   116
Block: Buckler           |    19 |    23 ||    42
